 Dungeon Crawl Stone Soup version 0.30-a0-439-g9e77e4d916 (webtiles) character file.

Game seed: 11669520155415461177

6283 AigisTheKnight the Trooper (level 10, -17/80 HPs)
             Began as a Demonspawn Warper on Dec 10, 2022.
             Killed by the air
             ... invoked by Gastronok
              (28 damage)
             ... on level 8 of the Dungeon.
             The game lasted 00:21:09 (9483 turns).

AigisTheKnight the Trooper (Demonspawn Warper)      Turns: 9483, Time: 00:21:10

Health: -17/80     AC: 15    Str: 12    XL:     10   Next: 63%
Magic:  20/20      EV: 14    Int: 18    God:
Gold:   502        SH:  0    Dex: 13    Spells: 21/23 levels left

rFire   . . .      SeeInvis .    R - +2 dire flail (vorpal)
rCold   . . .      Faith    .    (shield currently unavailable)
rNeg    . . .      Spirit   .    I - +0 acid dragon scales
rPois   +          Reflect  .    (helmet restricted)
rElec   .          Harm     .    V - +1 cloak {rCorr}
rCorr   +          Rampage  .    A - +0 pair of gloves
Will    .....                    i - +2 pair of boots
Stlth   +++.......               (no amulet)
HPRegen 0.33/turn                u - ring of poison resistance
MPRegen 0.17/turn                (no ring)

@: no status effects
A: antennae 2, molten scales 2, spiny 2
a: no special abilities


You were on level 8 of the Dungeon.
You visited 1 branch of the dungeon, and saw 8 of its levels.

You collected 502 gold pieces.

Inventory:

Hand Weapons
 a - a +0 mace
 q - a +1 mace of protection
 D - a +2 vorpal flail
 R - a +2 vorpal dire flail (weapon)
Missiles
 d - 5 boomerangs of dispersal
 k - 11 boomerangs (quivered)
 v - 3 datura-tipped darts
 C - 3 throwing nets
Armour
 b - a +0 leather armour
 i - a +2 pair of boots (worn)
 A - a +0 pair of gloves (worn)
 G - a +0 scale mail
 I - +0 acid dragon scales (worn)
 J - a +0 ring mail
 T - a +0 chain mail of cold resistance
 V - a +1 cloak of preservation (worn)
Magical Staves
 m - a staff of earth
Jewellery
 u - a ring of poison resistance (left hand)
 E - a ring of resist corrosion
 L - a ring of protection from fire
 P - a +6 ring of intelligence
Wands
 y - a wand of roots (25)
 z - a wand of paralysis (31)
 O - a wand of light (5)
 U - a wand of digging (7)
Scrolls
 c - 3 scrolls of blinking
 f - 12 scrolls of identify {unknown}
 g - 2 scrolls of teleportation {unknown}
 j - a scroll of brand weapon {unknown}
 l - 3 scrolls of fear {unknown}
 n - 4 scrolls of vulnerability {unknown}
 o - 2 scrolls of poison {unknown}
 x - 2 scrolls of magic mapping {unknown}
 H - 2 scrolls of noise {unknown}
 K - 3 scrolls of torment {unknown}
 M - a scroll of butterflies {unknown}
 S - 2 scrolls of enchant weapon {unknown}
Potions
 e - 6 potions of brilliance {unknown}
 h - a potion of berserk rage {unknown}
 p - 4 potions of curing {unknown}
 r - a potion of cancellation {unknown}
 s - 3 potions of mutation {unknown}
 t - a potion of magic {unknown}
 w - 3 potions of attraction {unknown}
 B - 2 potions of might {unknown}
 F - 4 potions of heal wounds {unknown}
 N - a potion of degeneration {unknown}
 Q - 2 potions of invisibility


   Skills:
 + Level 7.9 Fighting
 + Level 4.6 Maces & Flails
 - Level 0.8 Throwing
 + Level 1.4 Armour
 + Level 7.2 Dodging
 - Level 6.1 Stealth
 + Level 7.2 Spellcasting
 + Level 5.2 Translocations


You had 21 spell levels left.
You knew the following spells:

 Your Spells              Type           Power      Damage    Failure   Level
a - Blink                 Tloc           50%        N/A       2%          2

Your spell library contained the following spells:

 Spells                   Type           Power      Damage    Failure   Level
 Lesser Beckoning         Tloc           50%        N/A       5%          3
 Teleport Other           Tloc           25%        N/A       5%          3
 Vhi's Electric Charge    Tloc/Air       30%        N/A       16%         3
 Manifold Assault         Tloc           25%        N/A       19%         4
 Inner Flame              Hex/Fire       6%         N/A       43%         3
 Ozocubu's Armour         Ice            6%         N/A       43%         3
 Anguish                  Hex/Necr       3%         N/A       85%         4
 Flame Wave               Conj/Fire      6%         2d5       85%         4
 Sticky Flame             Conj/Fire      6%         2d3       85%         4
 Enfeeble                 Hex            3%         N/A       100%        7
 Ozocubu's Refrigeration  Ice            3%         4d8       100%        7


Dungeon Overview and Level Annotations

Branches:
Dungeon (8/15)               Lair (0/5) D:8
 Temple: D:4-7

Altars:
Cheibriados
Kikubaaqudgha
Qazlal
Wu Jian
Yredelemnul

Shops:
D:1 !   D:2 *[   D:6 (   D:8 :

Annotations:
D:8 Gastronok


Innate Abilities, Weirdness & Mutations

You have a pair of antennae on your head.
You are mostly covered in molten scales. (AC +3)
You are mostly covered in sharp spines.


Message History

The orc priest unwields a +0 arbalest.
The orc priest wields a +0 club.
The orc priest is struck by your spines.
The orc priest hits you but does no damage.
You hit the orc priest.
The orc priest is severely wounded.
The orc priest invokes the aid of Beogh against you.
Beogh smites you!
The orc priest mumbles some strange prayers to Beogh against you.
Pain shoots through your body!
* * * LOW HITPOINT WARNING * * *
You sock the orc priest!
You kill the orc priest!
The orc priest closely misses you.
Unknown command.
Throw: 11 boomerangs
Press: ? - help, Q - select action, (/) - cycle Shift-Dir - straight line, f - orc priest
Aim: an orc priest, wielding a +0 trident (60% to hit)
You throw a boomerang. The boomerang hits the orc priest.
The orc priest is moderately wounded.
The orc priest mumbles some strange prayers to Beogh against you.
Pain shoots through your body!
* * * LOW HITPOINT WARNING * * *
Unknown command.
The orc priest is struck by your spines.
The orc priest hits you with a +0 trident.
* * * LOW HITPOINT WARNING * * *
Unknown command.
Aiming: Bolt of Light
Press: ? - help, Q - select action, (/) - cycle Shift-Dir - straight line, f/p - orc priest
Aim: an orc priest, wielding a +0 trident (heavily wounded, 71% to hit)
The bolt of light hits the orc priest!
You kill the orc priest!
Gastronok mumbles some strange words.
There is an escape hatch in the floor here.
Things that are here:
a +0 rapier; a +0 robe
There is an open gate here.
Gastronok waves his eye-stalks in wide circles.
The air twists around and strikes you!!
You die...

.#........#.)........#≈###≈#≈..#
..........#..)....)).### ##≈####
..#.......#..........# ##
..#...............#..#
........#....).......###
.......................###
...........P.............#
.♣P.......♣.♣......P......#
♣♣.♣P♣.....♣....@...♣P.....
###♣♣♣...♣♣♣♣....♣...♣P... {{
##### ##'''#........ .


ogg. #.).#P♣♣♣.♣.. .g $.{.K{ #.>)#####♣P.. .. ..{.K #...#...# #.bw#...#
#''########)#...#.P♣ .....g......'...#... You could see Gastronok and a bat
(summoned, wandering).

Vanquished Creatures
  Pikel (D:5)
  Maggie (D:6)
  Prince Ribbit (D:5)
  4 yaks (D:8)
  2 wyverns (D:8)
  Eustachio (D:6)
  2 steam dragons
  Menkaure (D:4)
  Edmund (D:5)
  An acid dragon (D:8)
  2 water moccasins
  An orc warrior (D:7)
  2 sky beasts
  An ice beast (D:6)
  7 ogres
  4 centaurs
  A lemure (D:5)
  A phantom (D:6)
  4 kobold brigands
  4 bullfrogs
  2 scorpions (D:7)
  A necrophage (D:4)
  3 wights (D:8)
  4 killer bees
  2 howler monkeys
  An electric eel (D:8)
  4 orc priests
  7 hounds
  Crazy Yiuf (D:5)
  4 jellies
  Ijyb (D:5)
  7 orc wizards
  15 adders
  11 gnolls
  A shadow imp (D:7)
  A white imp (D:8)
  A worm (D:3)
  A dart slug (D:2)
  25 orcs
  6 ball pythons
  4 endoplasms
  3 giant cockroaches
  12 hobgoblins
  5 jackals
  3 quokkas
  4 bats
  A frilled lizard (D:2)
  10 goblins
  44 kobolds
  8 rats
234 creatures vanquished.

Vanquished Creatures (others)
  A kobold brigand (D:8)
  3 kobolds (D:8)
  56 plants
60 creatures vanquished.

Grand Total: 294 creatures vanquished

Notes
Turn   | Place    | Note
-------+----------+-------------------------------------------
     0 | D:1      | AigisTheKnight the Demonspawn Warper began the quest for
                  | the Orb.
     0 | D:1      | Reached XP level 1. HP: 16/16 MP: 3/3
   191 | D:1      | Found a faded altar of an unknown god.
   424 | D:1      | Found Qaannapp's Distillery.
   526 | D:1      | Gained mutation: You are partially covered in molten
                  | scales. (AC +2) [demonic ancestry]
   526 | D:1      | Reached XP level 2. HP: 22/22 MP: 5/5
   995 | D:2      | Gained mutation: You have a pair of small antennae on your
                  | head. [demonic ancestry]
   995 | D:2      | Reached XP level 3. HP: 28/28 MP: 6/6
  1001 | D:2      | Found Riat's Assorted Antiques.
  1160 | D:2      | Found Vothruvie's Armour Shop.
  1999 | D:3      | Reached XP level 4. HP: 33/34 MP: 7/7
  2046 | D:3      | Learned a level 2 spell: Blink
  2628 | D:3      | Reached XP level 5. HP: 41/41 MP: 9/9
  2835 | D:3      | Found an ancient bone altar of Kikubaaqudgha.
  3217 | D:4      | Gained mutation: You are partially covered in sharp spines.
                  | [demonic ancestry]
  3217 | D:4      | Reached XP level 6. HP: 44/47 MP: 7/10
  3586 | D:4      | Noticed Menkaure
  3615 | D:4      | Noticed a water moccasin
  3644 | D:4      | Killed a water moccasin
  3645 | D:4      | Gained mutation: You are mostly covered in sharp spines.
                  | [demonic ancestry]
  3645 | D:4      | Reached XP level 7. HP: 37/54 MP: 12/12
  3714 | D:4      | Killed Menkaure
  4126 | D:5      | Entered Level 5 of the Dungeon
  4241 | D:5      | Noticed a steam dragon
  4265 | D:5      | Reached skill level 1 in Stealth
  4267 | D:5      | Noticed Ijyb
  4281 | D:5      | Noticed Prince Ribbit
  4539 | D:5      | Gained mutation: You have a pair of antennae on your head.
                  | [demonic ancestry]
  4539 | D:5      | Reached XP level 8. HP: 61/61 MP: 14/14
  4568 | D:5      | Noticed Pikel
  4568 | D:5      | Noticed Edmund
  4858 | D:6      | Found Deaxzoan's Weapon Shop.
  4910 | D:6      | Reached skill level 5 in Fighting
  5234 | D:6      | Reached skill level 5 in Spellcasting
  5276 | D:6      | Reached skill level 5 in Dodging
  5327 | D:6      | You fall into a shaft and drop 2 floors!
  5332 | D:8      | Found a staircase to the Lair.
  5398 | D:8      | Reached XP level 9. HP: 24/69 MP: 15/17
  5855 | D:7      | Found a stormy altar of Qazlal.
  5911 | D:7      | Found a snail-covered altar of Cheibriados.
  6304 | D:7      | Reached skill level 5 in Stealth
  6460 | D:7      | Found an ornate altar of the Wu Jian Council.
  6904 | D:8      | Found Ashrouti's Book Shoppe.
  6916 | D:8      | Noticed Gastronok
  7308 | D:8      | Gained mutation: You are mostly covered in molten scales.
                  | (AC +3) [demonic ancestry]
  7308 | D:8      | Reached XP level 10. HP: 46/77 MP: 19/19
  7720 | D:8      | Found a basalt altar of Yredelemnul.
  8063 | D:5      | Killed Edmund
  8197 | D:5      | Killed Prince Ribbit
  8348 | D:5      | Killed Pikel
  8531 | D:5      | Found a runed translucent door.
  8532 | D:5      | Noticed Crazy Yiuf
  8590 | D:5      | Killed Ijyb
  8700 | D:5      | Killed Crazy Yiuf
  8851 | D:6      | Noticed Eustachio
  8861 | D:6      | Killed Eustachio
  8962 | D:6      | Noticed Maggie
  8974 | D:6      | Killed Maggie
  8975 | D:6      | Reached skill level 5 in Translocations
  9322 | D:8      | Reached skill level 1 in Armour
  9483 | D:8      | Killed from afar by Gastronok

Illustrated notes

Levels and vault maps discovered:
D:1:      psy_arrival_radial02, layout_basic,
          chequers_ecumenical_altar_simple_redux, serial_shops, shop,
          minivault_19, minmay_tiny_reverse_x
D:2:      layout_basic, serial_shops, shop, nicolae_shop_statue_plus
D:3:      layout_rooms, old_standard_altar
D:4:      layout_rooms, serial_forest, infiniplex_forest_3_way,
          infiniplex_forest_straight_2, infiniplex_forest_diagonal,
          infiniplex_forest_straight_2, infiniplex_forest_lined_3,
          infiniplex_forest_clump_tiny, infiniplex_forest_clump_diagonal,
          infiniplex_forest_end_2, infiniplex_forest_end_1, serial_bayou_pond_b,
          uniq_menkaure
D:5:      layout_rooms, lemuel_round_altar, minmay_temple_entry_from_below_a,
          grunt_ministairs_7, skrybe_limestone_x, uniq_pikel,
          uniq_prince_ribbit1, uniq_edmund, uniq_crazy_yiuf_cottage, uniq_ijyb
D:6:      layout_basic, serial_shops, nicolae_shop_behind_doors, serial_curves,
          eino_curves_03, eino_curves_02, minmay_misc_feat_ornament,
          uniq_eustachio, uniq_maggie
D:7:      kennysheep_kobold_camp, layout_loops_corners,
          nicolae_overflow_crystal_walls, grunt_temple_overflow_open
D:8:      kennysheep_housing_project, layout_cave_pools,
          mainiacjoe_overflow_catwalk_spiral, lair_entry_dummy, serial_shops,
          nicolae_shop_hallway_plus, enter_bailey_4, nicolae_water_bricks,
          serial_bayou_pond_e, uniq_gastronok

Skill      XL: |  1  2  3  4  5  6  7  8  9 10 |
---------------+-------------------------------+-----
Dodging        | 2 3 4 5 6 7 |  7.2
Translocations | 3 4 5 |  5.2
Fighting       | 3 4 5 7 |  7.9
Spellcasting   | 3 4 5 6 7 |  7.2
Maces & Flails | 2 3 4 |  4.6
Stealth        | 1 3 5 6 |  6.1
Armour         | 1 |  1.4
Throwing       | |  0.8

Action                   |  1- 3 |  4- 6 |  7- 9 | 10-12 || total
-------------------------+-------+-------+-------+-------++-------
Melee: Mace              |   113 |     8 |       |       ||   121
       Punch             |     1 |       |     4 |     1 ||     6
       Flail             |       |   120 |   233 |   109 ||   462
       Dire flail        |       |       |       |    33 ||    33
Throw: Boomerang         |       |    25 |       |     6 ||    31
 Cast: Blink             |       |     6 |     5 |       ||    11
Evoke: Wand              |       |       |     1 |     1 ||     2
 Stab: Sleeping          |       |       |     2 |     3 ||     5
       Distracted        |       |       |       |     1 ||     1
Armor: Leather armour    |    58 |    47 |   118 |    24 ||   247
       Acid dragon scale |       |       |       |    11 ||    11
Dodge: Dodged            |    77 |    90 |   165 |    92 ||   424

Table legend: (Time is in decaauts)
 A = Elapsed time spent in this place.
 B = Non-inter-level travel time spent in this place.
 C = Inter-level travel time spent in this place.
 D = Time resting spent in this place.
 E = Time spent auto-exploring this place.
 F = Levels seen in this place.
 G = Mean time per level.
                   A        B        C        D        E       F      G
               +--------+--------+--------+--------+--------+-----+--------+
         Total |   9653 |   9065 |    588 |   1500 |   5278 |   8 | 1206.6 |
       Dungeon |   9653 |   9065 |    588 |   1500 |   5278 |   8 | 1206.6 |
               +--------+--------+--------+--------+--------+-----+--------+

Top non-repeatable levels by time:
     D:8: 1807 daAuts
     D:7: 1281 daAuts
     D:2: 1219 daAuts
     D:6: 1171 daAuts
     D:3: 1166 daAuts
     D:4: 1112 daAuts
     D:5: 1010 daAuts
     D:1: 883 daAuts
